 Dungeon Crawl Stone Soup version 0.16.2-14-g7133f4a77c (webtiles) character file.

11781 faibistes the Thaumaturge (level 11, -7/54 HPs)
             Began as a Deep Elf Wizard on Sept 15, 2021.
             Was a High Priest of Sif Muna.
             Mangled by a fire elemental (9 damage)
             ... on level 11 of the Dungeon.
             The game lasted 00:54:37 (17539 turns).

faibistes the Thaumaturge (Deep Elf Wizard)        Turns: 17539, Time: 00:54:37

Health: -7/54      AC:  6    Str:  4    XL:     11   Next: 53%
Magic:  34/43      EV: 16    Int: 27    God:    Sif Muna [*****.]
Gold:   794        SH:  0    Dex: 13    Spells: 9 memorised, 12 levels left

rFire  . . .     SeeInvis .     o - +9 dagger of Sloth {pierce, rPois}
rCold  . . .     Clarity  .     a - +0 robe
rNeg   . . .     SustAb   .     (no shield)
rPois  +         Gourm    .     b - +0 hat
rElec  .         Spirit   .     P - +0 cloak
rCorr  .         Warding  .     q - +2 pair of gloves
rMut   .         Stasis   .     (no boots)
MR     +....                    (no amulet)
Stlth  ++........               D - ring of poison resistance
                                m - ring of magical power

@: repel missiles, somewhat resistant to hostile enchantments, unstealthy
A: no striking features
a: Channel Energy, Forget Spell, Renounce Religion


You were on level 11 of the Dungeon.
You worshipped Sif Muna.
Sif Muna was extremely pleased with you.
You were hungry.

You visited 2 branches of the dungeon, and saw 13 of its levels.

You collected 794 gold pieces.

Inventory:

Hand weapons
 o - the +9 dagger of Sloth (weapon) {pierce, rPois}
   (You took it off a kobold on level 7 of the Dungeon)

   It inflicts extra damage upon your enemies.
   It protects you from poison.
 s - a +0 dagger of draining
 L - a +7 dagger of electrocution
Armour
 a - a +0 robe (worn)
 b - a +0 hat (worn)
 q - a +2 pair of gloves (worn)
 P - a +0 cloak (worn)
Jewellery
 m - a ring of magical power (left hand)
 A - a cursed +1 ring of evasion
 D - a ring of poison resistance (right hand)
 F - an uncursed ring of protection from magic
 G - an uncursed ring of protection from cold
 J - a cursed ring of protection from cold
 W - a cursed amulet of inaccuracy {unknown}
Magical devices
 r - a wand of fireball (4)
 E - a wand of paralysis (15)
 K - a wand of slowing (29)
 O - a wand of random effects (15)
 R - a wand of polymorph (17)
 T - a wand of slowing (25)
 V - a wand of confusion (28)
Scrolls
 e - 6 scrolls of remove curse
 f - a scroll of noise
 j - 2 scrolls of immolation
 l - 3 scrolls of teleportation
 t - 2 scrolls of fear
 u - a scroll of magic mapping
 M - a scroll of recharging
Potions
 g - 3 potions of brilliance
 h - a potion of haste {unknown}
 i - 2 potions of might
 k - a potion of experience {unknown}
 p - 2 potions of magic
 w - 2 potions of heal wounds
 x - a potion of curing
 z - 3 potions of invisibility
 C - a potion of agility {unknown}
 H - a potion of beneficial mutation {unknown}
 I - 2 potions of poison
Books
 c - a book of Minor Magic

   Spells                             Type                      Level
   a - Magic Dart                     Conjuration                  1
   b - Blink                          Translocation                2
   c - Call Imp                       Summoning                    2
   d - Repel Missiles                 Charms/Air                   2
   e - Slow                           Hexes                        2
   f - Conjure Flame                  Conjuration/Fire             3
   g - Mephitic Cloud                 Conjuration/Poison/Air       3
 y - a book of Party Tricks

   Spells                             Type                      Level
   a - Summon Butterflies             Summoning                    1
   b - Apportation                    Translocation                1
   c - Tukima's Dance                 Hexes                        3
   d - Alistair's Intoxication        Transmutation/Poison         4
   e - Invisibility                   Hexes                        6
 Q - a book of Alchemy

   Spells                             Type                      Level
   a - Sublimation of Blood           Necromancy                   2
   b - Alistair's Intoxication        Transmutation/Poison         4
   c - Condensation Shield            Ice                          4
   d - Petrify                        Transmutation/Earth          4
   e - Ignite Poison                  Fire/Transmutation           5
   f - Irradiate                      Conjuration/Transmutation    5
Comestibles
 d - 8 bread rations
 n - a fruit
 v - 3 meat rations
 B - 10 slices of pizza
 N - 7 beef jerkies
 S - a royal jelly


   Skills:
 + Level 8.6 Dodging
 - Level 2.4 Stealth
 * Level 12.6 Spellcasting
 + Level 8.6 Conjurations
 - Level 1.1 Summonings
 - Level 3.5 Translocations
 - Level 4.1 Transmutations
 + Level 5.0 Fire Magic
 - Level 3.0 Air Magic
 * Level 4.2 Earth Magic
 - Level 1.9 Poison Magic
 * Level 7.6 Invocations
 + Level 4.6 Evocations


You had 12 spell levels left.
You knew the following spells:

 Your Spells              Type           Power        Failure   Level  Hunger
a - Magic Dart            Conj           ####         1%          1    None
b - Conjure Flame         Conj/Fire      ######..     1%          3    None
c - Call Imp              Summ           ###.....     3%          2    None
d - Blink                 Tloc           N/A          1%          2    None
e - Mephitic Cloud        Conj/Pois/Air  #####...     1%          3    None
f - Repel Missiles        Chrm/Air       ####..       2%          2    None
g - Summon Butterflies    Summ           ###.....     1%          1    None
h - Petrify               Trmt/Erth      #####...     8%          4    None
i - Ignite Poison         Fire/Trmt      #####.....   17%         5    ##.....


Dungeon Overview and Level Annotations

Branches:
Dungeon (12/15)            Temple (1/1) D:5            Lair (0/8) D:11
    Orc: D:9-12

Altars:
Ashenzari
Cheibriados
Dithmenos
Elyvilon
Fedhas
Gozag
Kikubaaqudgha
Makhleb
Nemelex Xobeh
Okawaru
Qazlal
Ru
Sif Muna
Trog
Vehumet
Xom
Yredelemnul
Zin
The Shining One

Annotations:
D:9 exclusion: statue


Message History

Casting: Magic Dart
Confirm with . or Enter, or press ? or * to list all spells.
You blink.
You are feeling hungry.
Casting: Blink
Confirm with . or Enter, or press ? or * to list all spells.
Aiming: Magic Dart
Press: ? - help, Shift-Dir - straight line, f/p - fire elemental
Aim: a fire elemental (almost destroyed)
The magic dart hits the fire elemental.
The fire elemental is almost destroyed.
Casting: Magic Dart
Confirm with . or Enter, or press ? or * to list all spells.
Aiming: Magic Dart
Press: ? - help, Shift-Dir - straight line, f/p - fire elemental
Aim: a fire elemental (almost destroyed)
The magic dart hits the fire elemental.
The fire elemental is almost destroyed.
The fire elemental hits you. The fire elemental burns you!
You die...

.. .#§##§§####§≈ #. #.
#E##C≈§§§§≈§ ≈≈≈# #..#####.
§##§§≈≈§§§≈§ ≈§.# #........
≈≈≈§≈§§§.§#..# #..##...##...###..
≈≈≈≈§##...#..# #..##...##...# #.)
.....##(..#..# #..##...##...# #).
§§...##...#..# #..##...##...# #..
n.§..##...#..# #..##...##...# #..
.....##...#..# #@.##...##...# #.)
.....##..p#..# #E.##...##...# #.(
.....##...#..# #§.##...##...# #..
....÷##...#..###§......##...###..
§§§§§§)).........................
#################################


You could see a fire elemental.

Vanquished Creatures
  A wizard (D:11)
  A cyclops (D:11)
  2 hill giants (D:11)
  An ugly thing (D:6)
  Maurice (D:8)
  A kobold demonologist (D:11)
  3 trolls
  Grinder (D:6)
  2 slime creatures
  A deep elf mage (D:10)
  8 yaks (D:11)
  A wyvern (D:11)
  A hog (D:7)
  A human (D:7)
  A hippogriff (D:9)
  2 hungry ghosts
  2 ice beasts
  5 orc warriors
  4 necrophages
  3 sky beasts
  4 phantoms
  4 centaurs
  3 ogres
  A big kobold (D:9)
  Sigmund (D:3)
  Duvessa (D:6)
  5 giant frogs
  A wyvern zombie (D:11)
  6 scorpions
  8 killer bees
  9 wights
  2 jellies
  3 goliath beetles
  Dowan (D:6)
  6 crimson imps
  2 quasits
  3 orc priests
  8 hounds
  7 orc wizards
  A centaur zombie (D:6)
  4 giant frog zombies
  4 human skeletons (D:9)
  4 human zombies (D:9)
  2 centaur skeletons
  A gnoll shaman (D:5)
  5 worker ants
  2 iguanas
  3 sheep (D:7)
  2 hound skeletons
  2 mummies (D:9)
  A worker ant zombie (D:8)
  11 adders
  5 gnolls
  A river rat (D:11)
  3 shadow imps
  A giant mite (D:9)
  5 worms
  An adder skeleton (D:4)
  An adder zombie (D:4)
  An ooze (D:2)
  6 giant geckos
  37 orcs
  A ball python (D:8)
  16 bats
  A bat skeleton (D:5)
  5 giant cockroaches
  22 goblins
  14 hobgoblins
  2 jackals (D:1)
  25 kobolds
  4 quokkas
  3 giant newts
  2 hobgoblin zombies (D:6)
  A kobold skeleton (D:6)
  3 orc skeletons (D:6)
  2 orc zombies (D:6)
  18 rats
339 creatures vanquished.

Vanquished Creatures (collateral kills)
  A killer bee (D:7)
  3 orcs
  A hobgoblin (D:2)
  2 jackals (D:2)
  A rat (D:2)
8 creatures vanquished.

Vanquished Creatures (others)
  A giant spore (D:9)
  6 butterflies (D:11)
  5 fungi (D:11)
  2 plants (D:11)
14 creatures vanquished.

Grand Total: 361 creatures vanquished

Notes
Turn   | Place    | Note
--------------------------------------------------------------
     0 | D:1      | faibistes, the Deep Elf Wizard, began the quest for the Orb.
     0 | D:1      | Reached XP level 1. HP: 10/10 MP: 6/6
   253 | D:1      | Reached XP level 2. HP: 15/15 MP: 2/10
   309 | D:1      | Learned a level 2 spell: Blink
   312 | D:1      | Learned a level 2 spell: Call Imp
   555 | D:1      | Reached skill level 5 in Spellcasting
   972 | D:2      | Reached XP level 3. HP: 15/19 MP: 0/14
  1028 | D:2      | Learned a level 3 spell: Conjure Flame
  1032 | D:2      | Learned a level 3 spell: Mephitic Cloud
  1784 | D:2      | Found a shattered altar of Ashenzari.
  2141 | D:2      | Reached XP level 4. HP: 22/24 MP: 7/17
  2175 | D:2      | Learned a level 2 spell: Repel Missiles
  2811 | D:3      | Reached skill level 6 in Spellcasting
  2988 | D:3      | Reached XP level 5. HP: 23/28 MP: 5/20
  3205 | D:3      | Noticed Sigmund
  3222 | D:3      | Killed Sigmund
  3499 | D:3      | Found a bloodstained altar of Trog.
  3702 | D:3      | Learned a level 1 spell: Summon Butterflies
  3803 | D:5      | Entered Level 5 of the Dungeon
  3956 | D:3      | Reached XP level 6. HP: 32/32 MP: 11/22
  4638 | D:4      | Found a glowing golden altar of the Shining One.
  4639 | D:4      | Found an iron altar of Okawaru.
  4640 | D:4      | Noticed an ogre
  4656 | D:4      | Killed an ogre
  4656 | D:4      | Reached skill level 7 in Spellcasting
  4844 | D:4      | Found a burning altar of Makhleb.
  4844 | D:4      | Noticed a green death
  5106 | D:4      | Found a stormy altar of Qazlal.
  5566 | D:5      | Reached XP level 7. HP: 36/36 MP: 11/25
  5822 | D:5      | Noticed a phantom
  5840 | D:5      | Killed a phantom
  5840 | D:5      | Reached skill level 8 in Spellcasting
  5966 | D:5      | Found a stormy altar of Qazlal.
  5980 | D:5      | Reached skill level 5 in Dodging
  6125 | D:5      | Found a staircase to the Ecumenical Temple.
  6138 | Temple   | Entered the Ecumenical Temple
  6146 | Temple   | Became a worshipper of Sif Muna the Loreminder
  6229 | D:6      | Found an iron altar of Okawaru.
  6334 | D:5      | Reached skill level 1 in Invocations
  6701 | D:5      | Noticed a sky beast
  6711 | D:5      | Killed a sky beast
  6826 | D:6      | Noticed a green ugly thing
  6841 | D:6      | Noticed Grinder
  7118 | D:6      | Found a glowing golden altar of the Shining One.
  7140 | D:6      | Paralysed by Grinder for 4 turns
  7159 | D:6      | Reached XP level 8. HP: 39/41 MP: 23/27
  7192 | D:6      | Paralysed by Grinder for 2 turns
  7197 | D:6      | Killed Grinder
  7197 | D:6      | Reached skill level 9 in Spellcasting
  7197 | D:6      | Reached skill level 5 in Conjurations
  7377 | D:6      | Acquired Sif Muna's first power
  7555 | D:6      | Noticed a centaur
  7564 | D:6      | Killed a centaur
  7637 | D:6      | Killed a green ugly thing
  7795 | D:6      | Reached skill level 10 in Spellcasting
  8220 | D:7      | Acquired Sif Muna's second power
  8225 | D:7      | Reached skill level 1 in Air Magic
  8229 | D:7      | Reached XP level 9. HP: 36/45 MP: 24/30
  8490 | D:6      | Reached skill level 1 in Poison Magic
  8662 | D:6      | Noticed Dowan
  8665 | D:6      | Noticed Duvessa
  8673 | D:6      | Killed Duvessa
  8682 | D:6      | Killed Dowan
  9836 | D:7      | Got a bone dagger
  9837 | D:7      | Identified the +9 dagger of Sloth {pierce, rPois} (You took it off a kobold on level 7 of the Dungeon)
  9870 | D:7      | Reached skill level 1 in Fire Magic
 10036 | D:7      | Reached skill level 11 in Spellcasting
 10116 | D:7      | Reached skill level 1 in Evocations
 10468 | D:8      | Found a glowing silver altar of Zin.
 10468 | D:8      | Noticed an angel
 10698 | D:8      | Noticed Maurice
 10727 | D:8      | Killed Maurice
 10727 | D:8      | Reached skill level 5 in Invocations
 10727 | D:8      | Reached XP level 10. HP: 47/50 MP: 32/32
 11636 | D:9      | Found an iron altar of Okawaru.
 11898 | D:10     | Entered Level 10 of the Dungeon
 11946 | D:9      | Found a radiant altar of Vehumet.
 12102 | D:9      | Found a basalt altar of Yredelemnul.
 12157 | D:9      | Found an ancient bone altar of Kikubaaqudgha.
 12158 | D:9      | Found a blossoming altar of Fedhas.
 12433 | D:9      | Learned a level 5 spell: Ignite Poison
 12438 | D:9      | Learned a level 4 spell: Petrify
 13110 | D:9      | Found an ancient bone altar of Kikubaaqudgha.
 13180 | D:9      | Reached skill level 1 in Transmutations
 13191 | D:9      | Reached skill level 1 in Earth Magic
 13208 | D:9      | Acquired Sif Muna's third power
 13966 | D:10     | HP: 2/50 [gargoyle/stone arrow (13)]
 14679 | D:11     | Reached skill level 12 in Spellcasting
 14923 | D:11     | Noticed a hill giant
 15508 | D:11     | Noticed a sun demon
 15806 | D:11     | Reached XP level 11. HP: 54/54 MP: 31/34
 15942 | D:11     | Killed a hill giant
 16724 | D:11     | Found a staircase to the Lair.
 16837 | D:11     | Noticed a cyclops
 16838 | D:11     | Noticed a wizard
 16844 | D:11     | Noticed a wizard
 17213 | D:11     | Noticed a hill giant
 17226 | D:11     | Killed a hill giant
 17329 | D:11     | Killed a cyclops
 17471 | D:11     | Killed a wizard
 17471 | D:11     | Reached skill level 5 in Fire Magic
 17536 | D:11     | HP: 1/54 [fire elemental (7)]
 17539 | D:11     | Mangled by a fire elemental

Action                   |  1- 3 |  4- 6 |  7- 9 | 10-12 || total
-------------------------+-------+-------+-------+-------++-------
Melee: Dagger            |       |    16 |    61 |   119 ||   196
 Cast: Magic Dart        |   111 |   179 |   364 |   450 ||  1104
       Call Imp          |     4 |     3 |       |     1 ||     8
       Conjure Flame     |     1 |    13 |    36 |    86 ||   136
       Mephitic Cloud    |     1 |    11 |    33 |    42 ||    87
       Blink             |       |     3 |     8 |    16 ||    27
       Repel Missiles    |       |     2 |     1 |     5 ||     8
       Summon Butterflie |       |       |       |     1 ||     1
Invok: Channel Energy    |       |       |     1 |     9 ||    10
  Use: Scroll            |       |     4 |    14 |    10 ||    28
       Potion            |       |       |       |     2 ||     2
 Stab: Sleeping          |       |       |     2 |     1 ||     3
       Confused          |       |       |     5 |     4 ||     9
  Eat: Chunk             |     3 |    11 |    13 |    21 ||    48
       Beef jerky        |       |       |     2 |       ||     2
       Fruit             |       |       |       |     2 ||     2
